 Dungeon Crawl Stone Soup version 0.27.1-35-g4d5d836560 (webtiles) character file.

Game seed: 17003986452691681707

0 cbfl8 the Sneak (level 1, -1/14 HPs)
             Began as a Tengu Delver on Mar 19, 2022.
             Slain by an adder (4 damage)
             ... on level 4 of the Dungeon.
             The game lasted 00:00:08 (20 turns).

cbfl8 the Sneak (Tengu Delver)                        Turns: 20, Time: 00:00:08

Health: -1/14      AC:  3    Str: 12    XL:     1   Next: 0%
Magic:  2/2        EV: 12    Int: 10    God:
Gold:   0          SH:  0    Dex: 15    Spells: 0/0 levels left

rFire    . . .     SeeInvis .   a - +0 falchion
rCold    . . .     Faith    .   (no shield)
rNeg     . . .     Spirit   .   b - +0 leather armour
rPois    .         Reflect  .   (helmet restricted)
rElec    .         Harm     .   (no cloak)
rCorr    .         Rampage  .   (no gloves)
Will     .....                  (boots unavailable)
Stlth    +++.......             (no amulet)
HPRegen  0.04/turn              (no ring)
MPRegen  0.08/turn              (no ring)

@: no status effects
A: beak, talons 3
a: no special abilities


You were on level 4 of the Dungeon.
You visited 1 branch of the dungeon, and saw 2 of its levels.

Inventory:

Hand Weapons
 a - a +0 falchion (weapon)
Armour
 b - a +0 leather armour (worn)
Wands
 g - a wand of digging (3)
Scrolls
 c - a scroll of fog
 d - a scroll of magic mapping
 e - a scroll of fear
Potions
 f - a potion of haste


   Skills:
 + Level 3.0 Fighting
 + Level 2.1 Long Blades
 + Level 2.1 Dodging
 + Level 5.0 Stealth


You couldn't memorise any spells.
You didn't know any spells.
Your spell library was empty.

Dungeon Overview and Level Annotations

Branches:
Dungeon (5/15)
 Temple: D:4-7

Altars:


Innate Abilities, Weirdness & Mutations

You have a beak for a mouth.
You have claws for feet.


Message History

Found a stone staircase leading up.
There is a stone staircase leading up here.
You climb upwards.
The adder hisses angrily.
Found four items.
There is a stone staircase leading down here.
A necrophage comes into view.
An adder comes into view.
You hit the adder. You claw the adder. Your peck misses the adder.
The adder is severely wounded.
The adder barely misses you.
You riposte.
You hit the adder. Your peck misses the adder.
The adder is almost dead.
You completely miss the adder. Your kick misses the adder.
The adder is almost dead.
The adder misses you.
You riposte.
Your leather armour prevents you from hitting the adder.
Your kick misses the adder. You peck the adder, but do no damage.
The adder is almost dead.
The adder closely misses you.
You closely miss the adder. Your kick misses the adder.
The adder is severely wounded.
The adder bites you but does no damage. The adder barely misses you.
You hit the adder but do no damage. Your kick misses the adder.
The adder is severely wounded.
The adder bites you. The adder misses you. The necrophage barely misses you.
The adder misses you.
You riposte.
You barely miss the adder. You claw the adder, but do no damage.
Your peck misses the adder.
The adder is severely wounded.
Unknown command.
You hit the adder.
The adder is almost dead.
The adder barely misses you. The necrophage hits you. The adder bites you. x2
* * * LOW HITPOINT WARNING * * *
The necrophage barely misses you.
Unknown command.
You hit the adder.
You kill the adder!
The adder bites you.
You die...

+........#
#........#
#........#
+........#
#........#
.........+
####...#
#.....n#
#.#...@#
#..S†#
#...w#
#....#
#...>#
#....#
#.....
.$....?.
####......


You could see a necrophage, a worm and an adder.

Vanquished Creatures
  An adder (D:4)
1 creature vanquished.

Notes
Turn   | Place    | Note
-------+----------+-------------------------------------------
     0 | D:5      | cbfl8 the Tengu Delver began the quest for the Orb.
     0 | D:5      | Reached XP level 1. HP: 14/14 MP: 2/2
    11 | D:4      | Noticed a necrophage
    20 | D:4      | Slain by an adder

Illustrated notes

Levels and vault maps discovered:
D:4:      layout_basic, kennysheep_little_box, serial_glass, glass_columns_a,
          glass_columns_a, gammafunk_ghost_arena
D:5:      layout_rooms, dk_noncrumbling_2, roderic_roman_lattice,
          hex_intersection, uniq_prince_ribbit1

Action                   || total
-------------------------++-------
Melee: Falchion          ||     6
       Kick              ||     2
       Peck              ||     1
Armor: Leather armour    ||     1
Dodge: Dodged            ||     9
       Rpst.: Falchion   ||     3
